AoeStats
← MateDu05

MegaRandom

509522301Analyzed
2v2 RM · 6d ago on Sep 27, 2026· 53m 32s· 4 players
Game mode
Random Map
Map size
Medium (4 player)
Population
200
Speed
Normal
Resources
Standard
Victory
Conquest
Starting age
Dark Age
Ending age
Imperial Age
RankedLock teamsTeams togetherTeam positionsShared explorationLock speedFull tech treeHidden civsTurbo modeCheats
Victory
Defeat
🇪🇨 Huns · Ecuador
764
+19
🇪🇨 Franks · Ecuador
729
+35
🇦🇷 Saxons · Argentina
1000
-101
🇦🇷 Bulgarians · Argentina
634
-12
IsmaDu305161
13:25 Feudal Age
14:32 Double-Bit Axe
21:50 Scale Barding Armor
21:46 Scale Mail Armor
22:08 Gold Mining
22:08 Stone Mining
22:15 Stone Mining
25:41 Castle Age
24:04 Forging
26:51 Wheelbarrow
27:03 Husbandry
32:04 Chain Barding Armor
32:00 Chain Mail Armor
36:12 Imperial Age
37:55 Capped Ram
40:05 Gold Shaft Mining
39:53 Cavalier
41:23 Hand Cart
41:00 Town Watch
44:45 Paladin
50:01 Plate Barding Armor
49:56 Plate Mail Armor
50:03 Iron Casting
50:04 Plate Barding Armor
MateDu05
11:53 Feudal Age
12:39 Double-Bit Axe
15:32 Forging
15:50 Scale Barding Armor
20:27 Loom
23:17 Castle Age
21:20 Gold Mining
23:59 Light Cavalry
24:42 Husbandry
25:28 Ballistics
25:16 Thumb Ring
25:08 Fletching
25:56 Bow Saw
25:53 Town Watch
27:14 Wheelbarrow
33:05 Bloodlines
34:02 Town Patrol
34:20 Hand Cart
38:16 Imperial Age
37:13 Chain Barding Armor
37:28 Iron Casting
38:26 Padded Archer Armor
38:22 Bodkin Arrow
42:42 Parthian Tactics
41:40 Heavy Cavalry Archer
45:38 Horse Collar
48:54 Chemistry
49:20 Bracer
49:36 Leather Archer Armor
ale90
8:36 Loom
12:24 Feudal Age
12:59 Town Watch
13:01 Double-Bit Axe
13:13 Gold Mining
13:05 Horse Collar
13:44 Stone Mining
17:29 Arson
20:04 Wheelbarrow
31:47 Castle Age
33:39 Gambesons
33:55 Squires
34:13 Town Patrol
34:25 Husbandry
34:36 Bloodlines
34:29 Squires
43:06 Hand Cart
42:59 Pikeman
44:34 Stirrups
luca_n.n
1:12 Loom
13:01 Feudal Age
26:06 Castle Age
23:41 Man-at-Arms
24:28 Horse Collar
28:31 Scale Mail Armor
28:42 Forging
29:07 Padded Archer Armor
32:43 Chain Mail Armor
32:34 Scale Barding Armor
37:28 Wheelbarrow
38:12 Chain Barding Armor
41:43 Squires
44:04 Double-Bit Axe
43:44 Pikeman
51:21 Iron Casting
Connection lost

Rejoining the realm…

Still unreachable

The connection could not be restored.

Session expired

The server has moved on; the page needs a fresh start.